 Dungeon Crawl Stone Soup version 0.30-a0-799-g109b55a442 (webtiles) character file.

Game seed: 4806392641883077842

44400 GuildmasterMusic the Unseen (level 13, -1/55 HPs)
             Began as a Spriggan Enchanter on Feb 11, 2023.
             Was the Champion of Dithmenos.
             Hit by a silver javelin thrown by a minotaur (23 damage)
             ... in a Gauntlet on Feb 21, 2023.
             The game lasted 01:12:00 (17200 turns).

GuildmasterMusic the Unseen (Spriggan Enchanter)   Turns: 17200, Time: 01:12:01

Health: -1/55      AC:  8    Str:  4    XL:     13   Next: 96%
Magic:  26/38      EV: 28    Int: 24    God:    Dithmenos [******]
Gold:   1195       SH:  0    Dex: 21    Spells: 26/35 levels left

rFire   . . .      SeeInvis +    U - +4 rapier of Fragile Peace {freeze, Fly rPois rN+}
rCold   x . .      Faith    .    (no shield)
rNeg    + . .      Spirit   .    b - +2 robe
rPois   +          Reflect  .    T - +2 hat {Int+3}
rElec   .          Harm     .    m - +1 cloak of Purpose {Rampage rC- Int+5}
rCorr   .          Rampage  +    (gloves unavailable)
Will    ++...      NoTele   +    (boots unavailable) Stlth ****++++++
                                 p - amulet of magic regeneration
HPRegen 0.29/turn                M - ring of magical power
MPRegen 0.66/turn                P - ring of wizardry

@: flying, wreathed by umbra, studying Earth Magic, very quick
A: very small, no large weapons, unfitting armour, see invisible, speed 3
a: Renounce Religion, Shadow Step, Shadow Form


You were in a Gauntlet.
You worshipped Dithmenos.
Dithmenos was exalted by your worship.
You visited 4 branches of the dungeon, and saw 21 of its levels.
You also visited: Gauntlet.

You collected 1475 gold pieces.
You spent 280 gold pieces at shops.

Inventory:

Hand Weapons
 v - a +1 short sword of speed
 w - a +6 dagger of protection
 Q - a +2 dagger of distortion
 U - the +4 rapier of Fragile Peace (weapon) {freeze, Fly rPois rN+}
   (You found it on level 12 of the Dungeon)

   rPois:     It protects you from poison.
   rN:        It protects you from negative energy.
   Fly:       It grants you flight.
Missiles
 t - 4 throwing nets (quivered)
Armour
 b - a +2 robe (worn)
 m - the +1 cloak of Purpose (worn) {Rampage rC- Int+5}
   (You found it on level 3 of the Dungeon)

   Int:       It affects your intelligence (+5).
   rC:        It makes you vulnerable to cold.
   Rampage:   It bestows one free step when moving towards enemies.
 T - a +2 hat of intelligence (worn)
 Z - +0 acid dragon scales
Jewellery
 f - the ring "Keontut" {rPois Str+5 SInv}
   (You acquired it on level 7 of the Dungeon)

   [ring of poison resistance]

   Str:       It affects your strength (+5).
   rPois:     It protects you from poison.
   SInv:      It lets you see invisible.
 p - an amulet of magic regeneration (around neck)
 C - a ring of poison resistance
 M - a ring of magical power (left hand)
 N - a ring of resist corrosion
 P - a ring of wizardry (right hand)
 R - a ring of willpower
Wands
 l - a wand of flame (24)
 q - a wand of charming (21)
 y - a wand of iceblast (12)
Scrolls
 a - a scroll of fear
 e - a scroll of amnesia
 r - 9 scrolls of teleportation
 s - 3 scrolls of poison
 B - 5 scrolls of summoning
 D - a scroll of fog
 J - 5 scrolls of identify
 K - a scroll of magic mapping
 V - a scroll of blinking
Potions
 c - 5 potions of invisibility
 d - 7 potions of curing
 i - 4 potions of heal wounds
 j - 5 potions of flight
 o - 2 potions of magic
 u - 4 potions of attraction
 z - 3 potions of resistance
 A - 2 potions of brilliance
 E - 2 potions of ambrosia
 F - 4 potions of haste
 H - 4 potions of might
 I - a potion of mutation
 L - 4 potions of lignification
 O - 2 potions of berserk rage
 W - a potion of cancellation


   Skills:
 + Level 10.3 Short Blades
 + Level 12.4 Dodging
 * Level 20.1 Stealth
 + Level 11.5 Spellcasting
 + Level 2.1 Conjurations
 * Level 15.6 Hexes


You had 26 spell levels left.
You knew the following spells:

 Your Spells              Type           Power      Damage    Failure   Level
a - Ensorcelled Hibernat  Hex/Ice        100%       N/A       1%          2
b - Tukima's Dance        Hex            73%        N/A       0%          3
c - Slow                  Hex            100%       N/A       0%          1
d - Magic Dart            Conj           96%        1d7       1%          1
e - Blink                 Tloc           26%        N/A       2%          2

Your spell library contained the following spells:

 Spells                   Type           Power      Damage    Failure   Level
 Confusing Touch          Hex            73%        N/A       0%          3
 Necrotise                Necr           52%        1d6       1%          1
 Momentum Strike          Conj/Tloc      36%        3d9       1%          2
 Dazzling Flash           Conj/Hex       100%       N/A       1%          3
 Portal Projectile        Hex/Tloc       100%       N/A       1%          3
 Leda's Liquefaction      Hex/Erth       25%        N/A       1%          4
 Silence                  Hex/Air        25%        N/A       1%          5
 Call Imp                 Summ           13%        N/A       2%          2
 Lesser Beckoning         Tloc           26%        N/A       2%          2
 Scorch                   Fire           26%        2d6       2%          2
 Sublimation of Blood     Necr           13%        N/A       2%          2
 Wereblood                Tmut           13%        N/A       2%          2
 Mephitic Cloud           Conj/Pois/Air  17%        N/A       4%          3
 Call Canine Familiar     Summ           13%        N/A       6%          3
 Frozen Ramparts          Ice            26%        1d4       6%          3
 Vampiric Draining        Necr           13%        2d6       6%          3
 Vhi's Electric Charge    Tloc/Air       26%        N/A       6%          3
 Flame Wave               Conj/Fire      18%        2d7       12%         4
 Ice Form                 Ice/Tmut       13%        N/A       17%         4
 Summon Ice Beast         Ice/Summ       13%        N/A       17%         4
 Arcjolt                  Conj/Air       9%         1d19      32%         5
 Agony                    Necr           13%        N/A       43%         5
 Summon Cactus Giant      Summ           6%         N/A       93%         6
 Summon Hydra             Summ           6%         N/A       100%        7
 Borgnjor's Revivificati  Necr           6%         N/A       100%        8
 Maxwell's Capacitive Co  Air            6%         ∞         100%        8
 Necromutation            Tmut/Necr      6%         N/A       100%        8
 Death's Door             Necr           6%         N/A       100%        9


Dungeon Overview and Level Annotations

Branches:
Dungeon (13/15)            Temple (1/1) D:4            Lair (5/5) D:10
 Shoals (0/4) Lair:3        Snake (0/4) Lair:3        Slime (0/5) Lair:5
    Orc (2/2) D:10            Elf (0/3) Orc:2       Gauntlet (1/1)
 Vaults: D:13-14

Altars:
Ashenzari
Cheibriados
Dithmenos
Elyvilon
Fedhas
Gozag
Hepliaklqana
Kikubaaqudgha
Makhleb
Nemelex Xobeh
Okawaru
Qazlal
Ru
Sif Muna
Trog
Uskayaw
Vehumet
Wu Jian
Xom
Yredelemnul
Zin
The Shining One
Jiyva

Shops:
D:3 ?   D:9 ::=?

Annotations:
D:6 Prince Ribbit
D:11 3 runed translucent doors, patfeehan111222's ghost, journeyman MiBe
D:12 3 runed translucent doors, exclusion: obsidian statue, Deirea's ghost, journeyman HOFE Gauntlet 11 transporters


Innate Abilities, Weirdness & Mutations

You are very small and have problems with some larger weapons.
You are too small for most types of armour.
You have supernaturally acute eyesight. (SInv)
You cover ground extremely quickly. (Speed+++)


Message History

Press: ? - help, Shift-Dir - straight line, f/p - minotaur
Aim: a minotaur, wielding a +1 dagger of venom, wearing a +0 plate armour and quivering silver javelins (umbra, chance to affect: 10%)
The minotaur resists with almost no effort.
Your shadow mimicks your spell!
The minotaur resists with almost no effort.
The minotaur throws a silver javelin.
The silver javelin misses you.
Casting: Ensorcelled Hibernation (safe; 1% risk of failure)
Confirm with . or Enter, or press ? or * to list all spells.
Aiming: Ensorcelled Hibernation (safe; 1% risk of failure)
Press: ? - help, Shift-Dir - straight line, f/p - minotaur
Aim: a minotaur, wielding a +1 dagger of venom, wearing a +0 plate armour and quivering silver javelins (umbra, chance to affect: 10%)
The minotaur resists with almost no effort.
Your shadow mimicks your spell!
The minotaur resists with almost no effort.
The minotaur throws a silver javelin.
The silver javelin pierces through you!
Casting: Ensorcelled Hibernation (safe; 1% risk of failure)
Confirm with . or Enter, or press ? or * to list all spells.
Aiming: Ensorcelled Hibernation (safe; 1% risk of failure)
Press: ? - help, Shift-Dir - straight line, f/p - minotaur
Aim: a minotaur, wielding a +1 dagger of venom, wearing a +0 plate armour and quivering silver javelins (umbra, chance to affect: 10%)
The minotaur resists with almost no effort.
Your shadow mimicks your spell!
The minotaur resists with almost no effort.
The minotaur throws a silver javelin.
The silver javelin closely misses you.
Casting: Ensorcelled Hibernation (safe; 1% risk of failure)
Confirm with . or Enter, or press ? or * to list all spells.
Aiming: Ensorcelled Hibernation (safe; 1% risk of failure)
Press: ? - help, Shift-Dir - straight line, f/p - minotaur
Aim: a minotaur, wielding a +1 dagger of venom, wearing a +0 plate armour and quivering silver javelins (umbra, chance to affect: 10%)
The minotaur resists with almost no effort.
The minotaur throws a silver javelin.
The silver javelin barely misses you.
Casting: Ensorcelled Hibernation (safe; 1% risk of failure)
Confirm with . or Enter, or press ? or * to list all spells.
Aiming: Ensorcelled Hibernation (safe; 1% risk of failure)
Press: ? - help, Shift-Dir - straight line, f/p - minotaur
Aim: a minotaur, wielding a +1 dagger of venom, wearing a +0 plate armour and quivering silver javelins (umbra, chance to affect: 10%)
The minotaur resists with almost no effort.
The minotaur throws a silver javelin.
The silver javelin pierces through you!!
You die...

#≈...............≈##
###.##.##.##.##.###
##.##.##.##.##
.............#
.##.##§##.###
##.##.##§##.###
.......§§§§.H.#
#.##.#H###§##.# #.
#.##@# #.#......#
#.##.##.## #∩ #. #.#
## .. ..# .##.# ##


You could see a minotaur.

Vanquished Creatures
  Gastronok (D:12)
  Frances (D:12)
  The ghost of themarg the Severer, a journeyman HOFi of Okawaru (Lair:2)
  A dire elephant (Lair:5)
  Snorg (Lair:4)
  Erica (D:8)
  3 boulder beetles
  3 hydras
  3 two-headed ogres
  A death yak (Lair:3)
  Urug (D:11)
  Sonja (Lair:5)
  2 harpies (Lair:3)
  An orc knight (Orc:1)
  A necromancer (Lair:5)
  2 moths of wrath (Lair:2)
  4 ugly things
  A cyclops (D:13)
  4 elephants (Lair:5)
  3 black mambas
  Joseph (D:8)
  A gargoyle (D:12)
  11 cane toads
  3 unseen horrors
  4 komodo dragons
  An efreet (D:13)
  3 trolls
  3 polar bears
  A hornet (D:9)
  11 blink frogs
  4 dream sheep (Lair:4)
  A wraith (D:9)
  3 slime creatures (D:13)
  A vampire (D:11)
  5 shadows
  36 yaks
  A basilisk (D:11)
  2 wyverns (D:10)
  2 steam dragons
  A spectral cane toad (Lair:5)
  2 nagas (Lair:3)
  A two-headed ogre zombie (D:10)
  An acid dragon (D:10)
  8 water moccasins
  3 swamp worms (Gauntlet)
  5 orc warriors
  3 black bears
  2 sky beasts
  3 ogres
  6 centaurs
  2 elephant skeletons (Lair:5)
  12 wolves
  A kobold brigand (D:11)
  10 bullfrogs
  2 gnoll sergeants
  6 scorpions
  11 wights
  2 troll zombies (D:10)
  16 killer bees
  5 howler monkeys
  5 hounds
  4 orc priests
  4 jellies (Lair:5)
  A gnoll bouda (D:10)
  5 orc wizards
  2 iguanas
  6 yak simulacra (Lair:5)
  A polar bear simulacrum (Lair:5)
  A wolf simulacrum (Lair:5)
  5 ogre zombies (D:10)
  20 gnolls
  11 adders
  A shadow imp (D:7)
  A white imp (D:6)
  An ufetubus (D:6)
  2 dart slugs
  14 orcs
  8 ball pythons
  5 bats
  9 endoplasms
  6 goblins
  2 hobgoblins
  4 jackals (D:3)
  13 kobolds
  4 quokkas
  4 frilled lizards
  A goblin skeleton (D:10)
  A goblin zombie (D:10)
  A hobgoblin skeleton (D:10)
  5 hobgoblin zombies (D:10)
  4 orc skeletons (D:10)
  13 orc zombies (D:10)
  7 rats
  3 river rat simulacra (Lair:5)
406 creatures vanquished.

Vanquished Creatures (others)
  15 fungi
  40 plants
  15 withered plants (Lair:5)
70 creatures vanquished.

Grand Total: 476 creatures vanquished

Notes
Turn   | Place    | Note
-------+----------+-------------------------------------------
     0 | D:1      | GuildmasterMusic the Spriggan Enchanter began the quest for
                  | the Orb.
     0 | D:1      | Reached XP level 1. HP: 9/9 MP: 5/5
   102 | D:1      | Reached XP level 2. HP: 13/13 MP: 6/6
   475 | D:1      | Reached skill level 5 in Stealth
   514 | D:1      | Found a faded altar of an unknown god.
   963 | D:3      | Found a sacrificial altar of Ru.
   985 | D:3      | Identified the +1 cloak of Purpose {Rampage rC- Int+5}
  1034 | D:3      | Reached XP level 3. HP: 11/16 MP: 8/8
  1070 | D:3      | Learned a level 2 spell: Ensorcelled Hibernation
  1155 | D:4      | Found a glowing golden altar of the Shining One.
  1205 | D:4      | Found a glowing silver altar of Zin.
  1230 | D:4      | Found a staircase to the Ecumenical Temple.
  1236 | Temple   | Entered the Ecumenical Temple
  1340 | D:4      | Reached XP level 4. HP: 21/21 MP: 4/9
  1453 | D:4      | Noticed a phantom
  1475 | D:3      | You fall into a shaft and drop 2 floors!
  1475 | D:5      | Entered Level 5 of the Dungeon
  1494 | D:5      | Noticed a black bear
  1508 | D:5      | Killed a black bear
  1509 | D:5      | Reached skill level 6 in Stealth
  1509 | D:5      | Reached XP level 5. HP: 24/24 MP: 1/11
  1552 | D:5      | Found a sand-covered staircase.
  1611 | D:4      | Noticed an ogre
  1727 | D:3      | Found Enumurph's Magic Scroll Emporium.
  2478 | D:3      | Found a shadowy altar of Dithmenos.
  2484 | D:3      | Became a worshipper of Dithmenos the Shadowed
  2624 | D:4      | Killed an ogre
  2625 | D:4      | Reached skill level 7 in Stealth
  2625 | D:4      | Reached XP level 6. HP: 28/28 MP: 12/12
  2654 | D:4      | Reached skill level 5 in Hexes
  2976 | D:5      | Learned a level 3 spell: Tukima's Dance
  3010 | D:5      | Found a sparkling altar of Nemelex Xobeh.
  3083 | D:5      | Reached XP level 7. HP: 32/32 MP: 11/14
  3351 | D:5      | Reached skill level 8 in Stealth
  3826 | D:6      | Reached * piety under Dithmenos
  4172 | D:6      | Reached skill level 5 in Dodging
  4315 | D:6      | Noticed Prince Ribbit
  4360 | D:6      | Reached skill level 9 in Stealth
  4387 | D:6      | Reached skill level 5 in Spellcasting
  4387 | D:6      | Reached XP level 8. HP: 10/36 MP: 9/16
  4803 | D:7      | Found a white marble altar of Elyvilon.
  4833 | D:7      | Found a burning altar of Makhleb.
  4911 | D:7      | Reached skill level 10 in Stealth
  5199 | D:7      | Found a faded altar of an unknown god.
  5199 | D:7      | Found a shimmering altar of Xom.
  5207 | D:7      | Found a basalt altar of Yredelemnul.
  5210 | D:7      | Found a radiant altar of Vehumet.
  5211 | D:7      | Found a stormy altar of Qazlal.
  5363 | D:7      | Identified a scroll of acquirement
  5363 | D:7      | Acquired the ring "Keontut" {rPois Str+5 SInv}
  5637 | D:8      | Noticed Erica
  5643 | D:8      | Killed Erica
  5644 | D:8      | Reached skill level 5 in Short Blades
  5644 | D:8      | Reached skill level 11 in Stealth
  5644 | D:8      | Reached XP level 9. HP: 39/39 MP: 15/19
  6064 | D:8      | Noticed Joseph
  6068 | D:8      | Killed Joseph
  6069 | D:8      | Reached skill level 12 in Stealth
  6348 | D:9      | Found Voiggola's Book Boutique.
  6356 | D:9      | Bought a book of Debilitation for 280 gold pieces
  6358 | D:9      | Learned a level 1 spell: Slow
  6359 | D:9      | Found Veweo's Jewellery Shop.
  6375 | D:9      | Found Zogoejen's Magic Scroll Shop.
  6452 | D:9      | Reached ** piety under Dithmenos
  6848 | D:9      | Reached XP level 10. HP: 22/44 MP: 15/21
  7089 | D:9      | Reached skill level 13 in Stealth
  7191 | D:9      | Found Juxtamosh's Book Shop.
  7234 | D:9      | Noticed a two-headed ogre
  7236 | D:9      | Killed a two-headed ogre
  7237 | D:9      | Reached skill level 10 in Hexes
  7992 | D:10     | Entered Level 10 of the Dungeon
  8232 | D:10     | Found a flagged portal.
  8333 | D:10     | Found a staircase to the Lair.
  8375 | D:10     | Reached skill level 14 in Stealth
  8456 | D:10     | Found a staircase to the Orcish Mines.
  8461 | D:10     | Reached *** piety under Dithmenos
  8716 | D:11     | Found a runed translucent gate.
  8716 | D:11     | Found a runed translucent gate.
  8716 | D:11     | Found a runed translucent gate.
  8726 | D:11     | Noticed patfeehan111222's ghost (journeyman MiBe)
  8794 | Lair:1   | Entered Level 1 of the Lair of Beasts
  8805 | Lair:1   | Noticed a cane toad
  8914 | Lair:1   | Reached XP level 11. HP: 40/47 MP: 19/24
  9082 | Lair:1   | Reached skill level 15 in Stealth
  9178 | Lair:1   | You fall into a shaft and drop 1 floor!
  9237 | Lair:2   | Reached **** piety under Dithmenos
 10140 | Lair:2   | Found a transporter.
 10141 | Lair:2   | Noticed a seven-headed hydra
 10153 | Lair:2   | Found a transporter.
 10157 | Lair:2   | Noticed themarg's ghost (journeyman HOFi)
 10162 | Lair:2   | Killed themarg's ghost
 10163 | Lair:2   | Reached skill level 16 in Stealth
 10171 | Lair:2   | Killed a seven-headed hydra
 10172 | Lair:2   | Reached skill level 10 in Dodging
 10323 | Lair:2   | Reached XP level 12. HP: 51/51 MP: 26/26
 10635 | Lair:3   | Found a staircase to the Shoals.
 10711 | Lair:3   | Found a staircase to the Snake Pit.
 10783 | Lair:3   | Reached skill level 17 in Stealth
 11163 | Lair:3   | Reached ***** piety under Dithmenos
 11373 | Lair:4   | Noticed a death yak
 11373 | Lair:4   | Noticed a death yak
 11375 | Lair:4   | Noticed a death yak
 11422 | Lair:3   | Killed a death yak
 11467 | Lair:4   | Noticed a death yak
 11486 | Lair:4   | Found a transporter.
 11488 | Lair:4   | Found a transporter.
 11488 | Lair:4   | Noticed a boulder beetle
 11488 | Lair:4   | Noticed a boulder beetle
 11496 | Lair:4   | Killed a boulder beetle
 11504 | Lair:4   | Killed a boulder beetle
 11505 | Lair:4   | Reached skill level 10 in Spellcasting
 11648 | Lair:4   | Noticed Snorg
 11688 | Lair:4   | Killed Snorg
 11854 | Lair:4   | Reached skill level 18 in Stealth
 11968 | Lair:4   | Noticed an eight-headed hydra
 12008 | Lair:4   | Killed an eight-headed hydra
 12372 | Lair:5   | Entered Level 5 of the Lair of Beasts
 12442 | Lair:5   | Reached XP level 13. HP: 55/55 MP: 23/28
 12472 | Lair:5   | Noticed a dire elephant
 12472 | Lair:5   | Noticed a dire elephant
 12473 | Lair:5   | Killed a dire elephant
 12569 | Lair:5   | Noticed Sonja
 12578 | Lair:5   | Killed Sonja
 13079 | Lair:4   | Learned a level 1 spell: Magic Dart
 13314 | Lair:5   | Found a viscous altar of Jiyva.
 13314 | Lair:5   | Found a staircase to the Slime Pits.
 13795 | D:11     | Identified the +0 leather armour of Soft Rains {rC++}
 13841 | D:11     | Reached skill level 19 in Stealth
 13912 | D:11     | Noticed Urug
 13919 | D:11     | Killed Urug
 14121 | D:12     | Noticed Frances
 14129 | D:12     | Killed Frances
 14173 | D:12     | Reached skill level 1 in Conjurations
 14173 | D:12     | Reached skill level 15 in Hexes
 14193 | D:12     | Found a runed translucent gate.
 14194 | D:12     | Found a runed translucent gate.
 14195 | D:12     | Found a runed translucent gate.
 14223 | D:12     | Noticed Deirea's ghost (journeyman HOFE)
 14271 | D:12     | Noticed Gastronok
 14275 | D:12     | Killed Gastronok
 14364 | D:12     | Learned a level 2 spell: Blink
 14443 | D:12     | Identified the +4 rapier of Fragile Peace {freeze, Fly
                  | rPois rN+}
 14582 | D:12     | Reached skill level 10 in Short Blades
 14838 | D:12     | Identified the +0 falchion "Penlaf" {freeze, Fly rElec
                  | Str+7 Dex-5}
 14841 | D:12     | Identified the ring "Zorokeg" {Dex+5 SInv Stlth-}
 15027 | D:12     | Identified the +0 robe of Beauty {Int+2}
 15296 | D:13     | Reached ****** piety under Dithmenos
 15769 | D:10     | Upgraded the game from 0.30-a0-760-g5a9884bb7c to
                  | 0.30-a0-799-g109b55a442
 16309 | D:10     | Reached skill level 20 in Stealth
 16518 | Orc:1    | Entered Level 1 of the Orcish Mines
 16856 | Orc:2    | Entered Level 2 of the Orcish Mines
 16856 | Orc:2    | Found a staircase to the Elven Halls.
 16896 | Orc:2    | Found a gate leading to a gauntlet.
 16908 | Gauntlet | Entered a Gauntlet
 16908 | Gauntlet | Found a transporter.
 16914 | Gauntlet | Found a runed translucent gate.
 16914 | Gauntlet | Found a runed translucent gate.
 16914 | Gauntlet | Found a runed translucent gate.
 16917 | Gauntlet | Found a transporter.
 16920 | Gauntlet | Found a transporter.
 16921 | Gauntlet | Found a transporter.
 16929 | Gauntlet | Found a transporter.
 16932 | Gauntlet | Found a transporter.
 16933 | Gauntlet | Found a transporter.
 16935 | Gauntlet | Noticed a dire elephant
 16944 | Gauntlet | Found a transporter.
 16944 | Gauntlet | Found a transporter.
 16945 | Gauntlet | Found a transporter.
 16956 | Gauntlet | Found a transporter.
 16956 | Gauntlet | Found a transporter.
 16957 | Gauntlet | Found a transporter.
 16966 | Gauntlet | Found a transporter.
 17181 | Gauntlet | Noticed a minotaur
 17200 | Gauntlet | Hit by a silver javelin thrown by a minotaur

Illustrated notes

Levels and vault maps discovered:
D:1:      dpeg_arrival_line_fractal, layout_loops_ring,
          shapermc_ecumenical_altar_mp_urbaneastern, minmay_pentomino_u2
D:2:      layout_rooms
D:3:      layout_rooms, grunt_dithmenos_smoke_and_mirrors,
          nicolae_ru_awakened_eye, serial_shops, nicolae_shop_behind_doors
D:4:      minmay_wonky_spiral, layout_rooms, nicolae_tso_swordbearing_angel,
          lemuel_doored_altar, minmay_temple_entry_mini_moons
D:5:      nicolae_cairo_tiling_large, layout_basic,
          nemelex_diamond_rough_becter, enter_ossuary_5
D:6:      layout_basic, uniq_prince_ribbit1
D:7:      layout_basic, chequers_temple_overflow_minitemple,
          mainiacjoe_overflow_two_lobes
D:8:      layout_loops_ring, uniq_erica, uniq_joseph
D:9:      layout_loops_corners, serial_shops, nicolae_shop_statue_plus, shop,
          nicolae_diamond_shop, shop_fountains, kennysheep_dice
D:10:     layout_loops_ring, david_lair_shrubbed, zombieorc2_lemuel,
          lightli_bailey_entry_fortress
D:11:     layout_big_octagon, gammafunk_ghost_spectres, minivault_26, uniq_urug
D:12:     layout_loops_ring, biasface_ghost_orc_armoury, minivault_15,
          uniq_frances, uniq_gastronok
D:13:     layout_irregular_city
Temple:   nicolae_temple_ecumenical_triangle
Lair:1:   layout_regular_city
Lair:2:   layout_big_grid, gammafunk_ghost_berserking_beasts, grunt_megastairs_4
Lair:3:   layout_long_grid, nicolae_shoals_entry_roost,
          guppyfry_snake_entry_garden, grunt_megastairs_3, serial_bayou_shore_b
Lair:4:   gammafunk_boulding_lane, layout_layer_cave, st_stairs_11,
          serial_bayou_ford_a, serial_bayou_crossing, uniq_snorg
Lair:5:   due_jungle_book, layout_misc_corridors,
          nicolae_slime_entry_slimehenge, wad_woods_road_01,
          eino_house_with_fridge, uniq_sonja
Orc:1:    layout_caves
Orc:2:    st_orc_ogre_mass, layout_diamond_mine, gauntlet_entry_generic,
          basic_altar, bloody_makhleb
Gauntlet: gammafunk_gauntlet_77_escape_option
          [minmay_gauntlet_arena_77_run_for_it, minmay_gauntlet_arena_77_braids,
          minmay_gauntlet_arena_77_chump_sandwich, minmay_gauntlet_arena_77_box,
          minmay_gauntlet_arena_77_checkered, gauntlet_exit_green]

Skill      XL: |  1  2  3  4  5  6  7  8  9 10 11 12 13 |
---------------+----------------------------------------+-----
Dodging        | 3 4 5 6 7 8 10 11 12 | 12.4
Spellcasting   | 3 4 5 6 7 8 9 10 11 | 11.5
Stealth        | 5 6 7 9 11 12 14 16 18 20 | 20.1
Hexes          | 4 5 6 8 9 11 12 14 15 | 15.6
Short Blades   | 2 3 4 5 6 7 8 9 10 | 10.3
Conjurations   | 2 |  2.1

Action                     |  1- 3 |  4- 6 |  7- 9 | 10-12 | 13-15 || total
---------------------------+-------+-------+-------+-------+-------++-------
  Melee: Dagger            |    81 |    51 |   100 |   323 |   161 ||   716
         Rapier            |       |       |       |       |   174 ||   174
         Punch             |       |       |       |       |     6 ||     6
  Throw: Throwing net      |       |       |       |     1 |       ||     1
   Cast: Ensorcelled Hiber |     9 |    25 |    49 |   166 |    47 ||   296
         Tukima's Dance    |       |       |     2 |       |       ||     2
         Slow              |       |       |       |     1 |       ||     1
         Magic Dart        |       |       |       |       |    46 ||    46
         Blink             |       |       |       |       |     2 ||     2
    Use: Scroll            |     4 |     6 |    12 |     8 |     9 ||    39
         Potion            |       |       |     1 |     1 |     2 ||     4
   Stab: Sleeping          |    20 |    32 |    51 |   132 |    86 ||   321
         Distracted        |       |     3 |     1 |       |     6 ||    10
         Invisible         |       |       |       |     4 |       ||     4
 Armour: Robe              |    10 |     6 |     7 |    35 |    27 ||    85
  Dodge: Dodged            |    46 |    25 |    77 |   284 |   223 ||   655

Table legend: (Time is in decaauts)
 A = Elapsed time spent in this place.
 B = Non-inter-level travel time spent in this place.
 C = Inter-level travel time spent in this place.
 D = Time resting spent in this place.
 E = Time spent auto-exploring this place.
 F = Levels seen in this place.
 G = Mean time per level.
                   A        B        C        D        E       F      G
               +--------+--------+--------+--------+--------+-----+--------+
         Total |  12077 |  11798 |    279 |   2567 |   4537 |  22 |  549.0 |
       Dungeon |   7992 |   7777 |    215 |   1589 |   3107 |  13 |  614.8 |
        Temple |     72 |     72 |      0 |      0 |     43 |   1 |   72.0 |
          Lair |   3529 |   3465 |     64 |    848 |   1385 |   5 |  705.8 |
  Orcish Mines |    267 |    267 |      0 |     51 |      0 |   2 |  133.5 |
      Gauntlet |    215 |    215 |      0 |     79 |      0 |   1 |  215.0 |
               +--------+--------+--------+--------+--------+-----+--------+

Top non-repeatable levels by time:
     D:9: 1415 daAuts
  Lair:4: 1002 daAuts
    D:10: 976 daAuts
     D:7: 878 daAuts
     D:5: 754 daAuts
  Lair:1: 725 daAuts
  Lair:5: 669 daAuts
    D:12: 651 daAuts
  Lair:3: 601 daAuts
  Lair:2: 530 daAuts
     D:1: 509 daAuts
     D:2: 492 daAuts
     D:8: 457 daAuts
     D:3: 439 daAuts
     D:4: 410 daAuts
